 Dungeon Crawl Stone Soup version 0.19-a0-1185-gacb3972 (webtiles) character file.

1433 Duffy the Fighter (level 9, -5/77 HPs)
             Began as a Formicid Wanderer on Aug 18, 2016.
             Slain by Pikel
             ... wielding a +2 whip of freezing
              (10 damage)
             ... on level 5 of the Dungeon.
             The game lasted 00:07:09 (5349 turns).

Duffy the Fighter (Formicid Wanderer)               Turns: 5349, Time: 00:07:10

Health: -5/77      AC:  6    Str: 16 (18) XL:     9   Next: 3%
Magic:  9/9        EV:  8    Int: 15 (16) God:
Gold:   161        SH:  0    Dex: 12 (13) Spells: 0 memorised, 8 levels left

rFire  . . .     SeeInvis +     n - +0 quarterstaff
rCold  . . .     Gourm    .     w - +0 chain mail
rNeg   . . .     Faith    .     (no shield)
rPois  .         Spirit   .     (helmet unavailable)
rElec  .         Dismiss  .     (no cloak)
rCorr  .         Reflect  .     (no gloves)
MR     .....     Harm     .     (no boots)
Stlth  ..........               (no amulet)
                                (no ring)
                                (no ring)

@: brilliant
A: permanent stasis, dig shafts and tunnels, four strong arms, antennae 3,
hooves 1, deformed body
a: Dig, Shaft Self


You were on level 5 of the Dungeon.
You were not hungry.

You visited 1 branch of the dungeon, and saw 6 of its levels.

You collected 161 gold pieces.

Inventory:

Hand Weapons
 d - a +0 trident
 e - a +0 hand axe
 n - a +0 quarterstaff (weapon)
Armour
 a - a +2 scale mail
 w - a +0 chain mail (worn)
Scrolls
 c - 2 scrolls of immolation {unknown}
 g - 2 scrolls of blinking {unknown}
 i - a scroll of magic mapping {unknown}
 k - a scroll of teleportation {unknown}
 o - a scroll of noise {unknown}
 p - a scroll of identify {unknown}
 r - a scroll of recharging {unknown}
 t - a scroll of random uselessness {unknown}
 u - 3 scrolls of enchant weapon {unknown}
 v - a scroll of remove curse {unknown}
Potions
 m - a potion of brilliance
Books
 l - Cigotuvi's Reference Book on Darkness and Shape Shifting
   (You found it on level 4 of the Dungeon)

   Spells                             Type                      Level
   a - Animate Skeleton               Necromancy                   1
   b - Beastly Appendage              Transmutation                1
   c - Ignite Poison                  Fire/Transmutation/Poison    3
   d - Ice Form                       Ice/Transmutation            4
   e - Dispel Undead                  Necromancy                   5
Comestibles
 f - 3 bread rations
 s - a meat ration
 z - a beef jerky


   Skills:
 - Level 9.5 Fighting
 - Level 1.0 Throwing
 + Level 8.1 Armour
 + Level 3.8 Dodging
   Level 1.1 Evocations


You had 8 spell levels left.
You didn't know any spells.

Dungeon Overview and Level Annotations

Branches:
Dungeon (6/15)
 Temple: D:4-7

Altars:
Ashenzari
Gozag
Makhleb
Nemelex Xobeh
Qazlal
Uskayaw
Xom

Annotations:
D:2 exclusion: downstairs
D:3 Duffy's ghost, weakling FoWn
D:5 Pikel
D:6 Dowan; Duvessa


Innate Abilities, Weirdness & Mutations

You are under a permanent stasis effect.
You can dig through walls and to a lower floor.
Your four strong arms can wield two-handed weapons with a shield.
You have a pair of large antennae on your head. (SInv)
You have large cloven feet.
Armour fits poorly on your strangely shaped body.


Message History

The giant frog is almost dead.
The giant frog hits you.
The giant frog hits you but does no damage.
Pikel cracks his whip.
You hit the giant frog.
You kill the giant frog!
Your Armour skill increases to level 8!
You have reached level 9!
Your experience leads to an increase in your attributes!
Your base attributes are Str 17, Int 11, Dex 13.
Increase (S)trength, (I)ntelligence, or (D)exterity?
You feel stronger.
You barely miss Pikel. You kick Pikel, but do no damage.
Pikel is lightly wounded.
Pikel hits you but does no damage. Pikel hits you with a whip of freezing.
Pikel freezes you.
You hit Pikel. You kick Pikel, but do no damage.
Pikel is lightly wounded.
Pikel hits you with a whip of freezing!
You die...

#. #. ####' #.... #....
############(...
#>......)..'....
####.......####....
#.@........# #....
#######K##....[..# #....
#...##...##....).# #...(
#..##.....##...[.# #....
#..#.......#...[.# ##[#'
#......_.....[...#####.#.
#..#.......#.............
#..##.....###............
#...##...##.#............


You could see Pikel.

Vanquished Creatures
  Sigmund (D:2)
  4 ogres
  2 centaurs (D:5)
  A phantom (D:5)
  2 giant frogs
  A howler monkey (D:4)
  A crimson imp (D:5)
  A jelly (D:5)
  2 orc priests
  2 orc wizards
  A giant frog skeleton (D:5)
  2 hounds (D:5)
  An iguana (D:5)
  Ijyb (D:4)
  A worker ant (D:5)
  A howler monkey zombie (D:4)
  3 gnolls (D:2)
  3 howler monkey skeletons
  2 adders
  A shadow imp (D:5)
  2 adder skeletons (D:4)
  2 worms (D:2)
  2 dart slugs
  A giant gecko (D:3)
  24 orcs
  6 giant cockroaches
  5 goblins
  A hobgoblin (D:2)
  A kobold (D:2)
  4 quokkas
  2 ball pythons
  4 bats (D:2)
  A giant gecko skeleton (D:5)
  A giant newt (D:3)
  3 rats
92 creatures vanquished.

Notes
Turn   | Place    | Note
-------+----------+-------------------------------------------
     0 | D:1      | Duffy the Formicid Wanderer began the quest for the Orb.
     0 | D:1      | Duffy set off with: a +2 scale mail, a potion of curing, a potion of lignification, a +0 club, a bread ration
     0 | D:1      | Reached XP level 1. HP: 16/16 MP: 1/1
    46 | D:3      | Noticed an orc priest
    48 | D:3      | Noticed an orc priest
   367 | D:2      | Reached XP level 2. HP: 15/23 MP: 2/2
   510 | D:2      | Reached skill level 3 in Fighting
   640 | D:3      | Found a stormy altar of Qazlal.
   642 | D:3      | Noticed Duffy's ghost (weakling FoWn)
   663 | D:2      | Noticed Sigmund
   681 | D:2      | Killed Sigmund
   681 | D:2      | Reached skill level 6 in Fighting
   681 | D:2      | Reached XP level 3. HP: 34/34 MP: 3/3
   681 | D:2      | Reached XP level 4. HP: 40/40 MP: 4/4
   681 | D:2      | Reached XP level 5. HP: 46/46 MP: 5/5
   924 | D:2      | Reached XP level 6. HP: 49/53 MP: 6/6
  1446 | D:4      | Identified Cigotuvi's Reference Book on Darkness and Shape Shifting
  1524 | D:3      | Reached skill level 7 in Fighting
  1543 | D:4      | Noticed Ijyb
  1567 | D:4      | Killed Ijyb
  1593 | D:4      | Noticed a phantom
  1961 | D:4      | Found a hide-covered altar of Uskayaw.
  1970 | D:4      | Found a shattered altar of Ashenzari.
  2001 | D:5      | Entered Level 5 of the Dungeon
  2017 | D:4      | Reached XP level 7. HP: 55/60 MP: 7/7
  2147 | D:5      | Reached skill level 8 in Fighting
  2735 | D:5      | Reached skill level 9 in Fighting
  2756 | D:5      | Reached XP level 8. HP: 41/71 MP: 8/8
  3148 | D:5      | Reached skill level 1 in Dodging
  3199 | D:5      | Found a shimmering altar of Xom.
  3354 | D:4      | Found a burning altar of Makhleb.
  3394 | D:4      | Found an opulent altar of Gozag.
  3395 | D:4      | Found a sparkling altar of Nemelex Xobeh.
  5290 | D:6      | Noticed Duvessa
  5290 | D:6      | Noticed Pikel
  5293 | D:6      | Noticed Dowan
  5324 | D:5      | Gained mutation: You have large cloven feet. [potion of mutation]
  5324 | D:5      | Gained mutation: Armour fits poorly on your strangely shaped body. [potion of mutation]
  5343 | D:5      | Reached XP level 9. HP: 6/77 MP: 9/9
  5349 | D:5      | Slain by Pikel

Vault maps used:
D:1:      scummos_arrival_simple_fountains, hex_large
D:2:      uniq_sigmund
D:3:      grunt_qazlal_sundering, first_bread, uniq_iyjb
D:4:      grunt_temple_overflow_opulence, nicolae_overflow_hidden_temple,
          amethyst_overflow_temple_binary, minmay_splitting_lines
D:5:      lemuel_round_altar
D:6:      serial_shops, nicolae_shop_competitors_out_of_business, basic_altar,
          grunt_decor_clamped, minmay_misc_feat_hallway, lemuel_oklob_altar,
          uniq_duvessa, uniq_pikel, uniq_menkaure

Skill      XL: |  1  2  3  4  5  6  7  8 |
---------------+-------------------------+-----
Fighting       | 6 7 9 |  9.5
Dodging        | 3 |  3.8
Armour         | 8 |  8.1
Throwing       | |  1.0
Evocations     | |  1.1

Action                   |  1- 3 |  4- 6 |  7- 9 || total
-------------------------+-------+-------+-------++-------
Melee: Trident           |    26 |   122 |       ||   148
       Hand axe          |    10 |       |       ||    10
       Club              |     2 |       |       ||     2
       Unarmed           |    13 |       |       ||    13
       Quarterstaff      |       |    37 |   251 ||   288
       Kick              |       |       |     5 ||     5
 Abil: Dig               |     2 |     3 |     8 ||    13
  Use: Potion            |     1 |       |     5 ||     6
  Eat: Chunk             |       |     4 |     7 ||    11
       Meat ration       |       |       |     1 ||     1
Armor: Scale mail        |    26 |    88 |    66 ||   180
       Skin              |     3 |       |       ||     3
       Chain mail        |       |       |    53 ||    53
Dodge: Dodged            |    32 |    76 |   144 ||   252
